 Dungeon Crawl Stone Soup version 0.27.1-1-g398f81649c (webtiles) character file.

Game seed: 809538872873131397

3383 Icepheonix32 the Covered (level 9, 0/67 HPs)
             Began as a Demonspawn Wanderer on Sept 18, 2021.
             Was a Believer of Kikubaaqudgha.
             Slain by a komodo dragon (21 damage)
             ... on level 8 of the Dungeon on Sept 19, 2021.
             The game lasted 00:29:57 (8562 turns).

Icepheonix32 the Covered (Demonspawn Wanderer)      Turns: 8562, Time: 00:29:57

Health: 0/67       AC: 17    Str: 19    XL:     9   Next: 74%
Magic:  0/15       EV: 17    Int: 17    God:    Kikubaaqudgha [**....]
Gold:   112        SH:  6    Dex: 10    Spells: 6/16 levels left

rFire    . . .     SeeInvis .   a - +2 flail (protect)
rCold    . . .     Faith    .   (no shield)
rNeg     . . .     Spirit   +   A - +1 steam dragon scales
rPois    .         Reflect  .   h - +2 helmet
rElec    .         Harm     .   (no cloak)
rCorr    .         Rampage  .   (no gloves)
Will     .....                  (no boots)
Stlth    ++........             w - amulet of guardian spirit
HPRegen  0.21/turn              z - +6 ring of strength
MPRegen  0.14/turn              n - +4 ring of evasion

@: under a protective aura
A: talons 2, large bone plates 2, demonic guardian 2, clumsy 1
a: Renounce Religion, Receive Corpses


You were on level 8 of the Dungeon.
You worshipped Kikubaaqudgha.
Kikubaaqudgha was pleased with you.
You visited 2 branches of the dungeon, and saw 9 of its levels.
You also visited: Sewer.

You collected 328 gold pieces.
You spent 216 gold pieces at shops.

Inventory:

Hand Weapons
 a - a +2 flail of protection (weapon)
 i - a +1 whip of draining
 F - a +4 dire flail
 G - a +2 battleaxe
Missiles
 d - a throwing net
 e - a curare-tipped dart
 s - 5 boomerangs (quivered)
 D - 40 poisoned darts
Armour
 h - a +2 helmet (worn)
 p - a +2 robe of positive energy
 t - a +1 pair of boots
 A - +1 steam dragon scales (worn)
Magical Staves
 u - a staff of earth
Jewellery
 l - a +6 ring of dexterity
 n - a +4 ring of evasion (right hand)
 w - an amulet of guardian spirit (around neck)
 z - a +6 ring of strength (left hand)
Wands
 o - a wand of digging (5)
 q - a wand of iceblast (5)
 x - a wand of flame (10)
Scrolls
 b - 2 scrolls of noise {unknown}
 c - a scroll of immolation
 f - a scroll of enchant weapon
 j - a scroll of amnesia
 k - a scroll of torment
 m - 2 scrolls of teleportation
 r - 3 scrolls of blinking
 B - a scroll of vulnerability {unknown}
Potions
 g - 5 potions of curing
 v - a potion of lignification
 C - 2 potions of flight
 E - a potion of degeneration {unknown}


   Skills:
 + Level 4.8 Fighting
 + Level 0.2(1.2) Axes
 - Level 2.0(2.1) Maces & Flails
 - Level 1.7 Bows
 + Level 1.3 Throwing
 + Level 6.0 Armour
 + Level 5.2 Dodging
 + Level 3.2 Stealth
 + Level 3.3 Shields
 * Level 4.4 Spellcasting
 + Level 0.1 Conjurations
 * Level 2.9 Hexes
 * Level 4.1 Necromancy
 * Level 3.1 Translocations
 + Level 0.1 Poison Magic
 + Level 1.1 Evocations


You had 6 spell levels left.
You knew the following spells:

 Your Spells              Type           Power      Damage    Failure   Level
a - Animate Skeleton      Necr           34%        N/A       2%          1
b - Blink                 Tloc           N/A        N/A       6%          2
c - Corona                Hex            14%        N/A       4%          1
d - Mephitic Cloud        Conj/Pois/Air  4%         N/A       41%         3
e - Tukima's Dance        Hex            13%        N/A       13%         3

Your spell library contained the following spells:

 Spells                   Type           Power      Damage    Failure   Level
 Pain                     Necr           68%        1d7       2%          1
 Apportation              Tloc           28%        N/A       4%          1
 Sublimation of Blood     Necr           8%         N/A       4%          2
 Vampiric Draining        Necr           8%         2d7       9%          3
 Ensorcelled Hibernation  Hex/Ice        16%        N/A       12%         2
 Magic Dart               Conj           16%        1d3       14%         1
 Shock                    Conj/Air       12%        1d3       14%         1
 Summon Small Mammal      Summ           12%        N/A       16%         1
 Call Imp                 Summ           3%         N/A       22%         2
 Swiftness                Air            3%         N/A       41%         3
 Manifold Assault         Tloc           14%        N/A       75%         5
 Airstrike                Air            1%         N/A       83%         4
 Petrify                  Tmut/Erth      3%         N/A       83%         4
 Irradiate                Conj/Tmut      1%         3d14      99%         5
 Storm Form               Tmut/Air       1%         N/A       100%        7


Dungeon Overview and Level Annotations

Branches:
Dungeon (8/15)             Temple (1/1) D:5            Lair (0/6) D:8
  Sewer (visited)

Altars:
Ashenzari
Cheibriados
Elyvilon
Fedhas
Gozag
Kikubaaqudgha
Makhleb
Nemelex Xobeh
Okawaru
Qazlal
Ru
Sif Muna
Trog
Uskayaw
Vehumet
Wu Jian
Xom
Yredelemnul
Zin
The Shining One

Shops:
D:5 :*

Annotations:
D:3 Sigmund


Innate Abilities, Weirdness & Mutations

You have razor-sharp toenails.
You are mostly covered in large bone plates. (SH +6)
A demonic guardian rushes to your aid.
You are clumsy. (Dex -2)


Message History

Press: ? - help, Shift-Dir - straight line, f/p - komodo dragon
Aim: a komodo dragon (confused, softly glowing, chance to affect: 31%)
The hornet is outlined in light.
You feel yourself speed up.
The hornet stings you but does no damage.
You block the hornet's attack. The hornet misses you.
You thump the hornet!
Your weapon exudes an aura of protection.
Your kick misses the hornet.
The hornet is heavily wounded.
The hornet barely misses you.
The komodo dragon bites the plant!!
The komodo dragon bites itself.
You barely miss the hornet. You claw the hornet.
The hornet is severely wounded.
A nearby plant withers and dies.
The komodo dragon stops glowing.
The hornet barely misses you. The hornet completely misses you.
You barely miss the hornet.
The hornet is severely wounded.
The komodo dragon seems less confused.
The hornet barely misses you. x2
You hit the hornet. Your kick misses the hornet.
The hornet is severely wounded.
The hornet stings you but does no damage.
The hornet misses you.
You hit the hornet but do no damage. You claw the hornet.
The hornet is severely wounded.
You block the hornet's attack.
The hornet stings you but does no damage.
You hit the hornet. Your kick misses the hornet.
The hornet is almost dead.
The hornet stops glowing.
The hornet misses you.
The hornet stings you but does no damage.
You hit the hornet. You claw the hornet.
You kill the hornet!
Kikubaaqudgha accepts your kill.
You closely miss the komodo dragon. You claw the komodo dragon.
The komodo dragon is lightly wounded.
The komodo dragon bites you!!
A demonic guardian appears!
The komodo dragon bites you!!
You die...
Kikubaaqudgha rasps: "You have failed me!
Welcome... death!"

#.## #..## ##...##
##P....##
#PPP....#
#PPP....##
#PPPP....#
#PPPPP...########.
#PPP.P(.4l@.......
#P....P..#######..
#P.>..PP.....#
#P..PPP.####.#


#PPPPP..# ##PPPPP## ###### You could see a komodo dragon (ally target) and a
friendly hellwing (summoned).

Vanquished Creatures
  Pikel (D:7)
  A hornet (D:8)
  Grinder (D:4)
  Eustachio (D:6)
  A water moccasin (D:6)
  2 sky beasts
  2 necrophages
  2 ogres
  2 centaurs
  A phantom (D:5)
  A bullfrog (D:6)
  3 kobold brigands
  2 scorpions (D:5)
  2 water moccasin skeletons
  A wight (D:6)
  A howler monkey (D:6)
  A bullfrog zombie (D:6)
  A gnoll shaman (D:7)
  2 hounds
  A centaur skeleton (D:3)
  Jessica (D:3)
  An iguana (D:5)
  Natasha (thrice) (D:2)
  5 orc wizards
  A killer bee zombie (D:7)
  Robin (D:1)
  7 adders
  6 gnolls
  A river rat (Sewer)
  A shadow imp (D:6)
  A white imp (D:5)
  An ufetubus (D:5)
  A dart slug (D:1)
  14 orcs
  6 bats
  9 endoplasms
  7 giant cockroaches
  5 hobgoblins
  5 jackals
  7 quokkas
  4 ball pythons
  A frilled lizard (D:1)
  13 goblins
  23 kobolds
  8 rats
161 creatures vanquished.

Vanquished Creatures (collateral kills)
  A steam dragon (D:6)
  A water moccasin (D:6)
  A sky beast (D:7)
  An ogre (D:4)
  A phantom (D:5)
  3 wights (D:6)
  A hound (D:5)
  3 gnolls
  2 adders (D:6)
  An orc (D:6)
  An endoplasm (D:3)
16 creatures vanquished.

Vanquished Creatures (others)
  2 dancing weapons (D:7)
  9 plants
11 creatures vanquished.

Grand Total: 188 creatures vanquished

Notes
Turn   | Place    | Note
-------+----------+-------------------------------------------
     0 | D:1      | Icepheonix32 the Demonspawn Wanderer began the quest for
                  | the Orb.
     0 | D:1      | Icepheonix32 set off with the following items: a +2 mace, a
                  | +0 ring mail, a potion of lignification
     0 | D:1      | Reached XP level 1. HP: 16/16 MP: 1/1
   285 | D:1      | Reached skill level 3 in Armour
   481 | D:1      | Found a faded altar of an unknown god.
   485 | D:1      | Gained mutation: A weak demonic guardian rushes to your
                  | aid. [demonic ancestry]
   485 | D:1      | Reached XP level 2. HP: 22/22 MP: 2/2
   984 | D:1      | Gained mutation: You have sharp toenails. [demonic
                  | ancestry]
   984 | D:1      | Reached XP level 3. HP: 28/28 MP: 3/3
  1141 | D:2      | Noticed Robin
  1273 | D:1      | Killed Robin
  1361 | D:2      | Noticed Natasha
  1372 | D:2      | Gained mutation: You are clumsy. (Dex -2) [potion of
                  | mutation]
  1376 | D:2      | HP: 1/31 [Natasha (3)]
  1379 | D:2      | Killed Natasha
  1380 | D:2      | Gained mutation: You are partially covered in large bone
                  | plates. (SH +4) [demonic ancestry]
  1380 | D:2      | Reached XP level 4. HP: 2/29 MP: 4/4
  1535 | D:2      | Noticed Natasha
  1542 | D:2      | Killed Natasha
  1811 | D:2      | Reached skill level 1 in Stealth
  1863 | D:2      | Reached skill level 1 in Dodging
  2023 | D:2      | Reached skill level 4 in Armour
  2184 | D:2      | Noticed Natasha
  2192 | D:2      | Killed Natasha
  2193 | D:2      | Reached XP level 5. HP: 29/39 MP: 5/5
  2620 | D:3      | Noticed Jessica
  2640 | D:3      | Killed Jessica
  2920 | D:3      | Noticed a sky beast
  2938 | D:4      | Killed a sky beast
  2939 | D:4      | Gained mutation: A demonic guardian rushes to your aid.
                  | [demonic ancestry]
  2939 | D:4      | Reached XP level 6. HP: 30/46 MP: 6/6
  3100 | D:3      | Found a snail-covered altar of Cheibriados.
  3182 | D:3      | Noticed Sigmund
  3272 | D:4      | Found a stormy altar of Qazlal.
  3431 | D:4      | Learned a level 1 spell: Animate Skeleton
  3437 | D:4      | Noticed Grinder
  3659 | D:4      | Found a bloodstained altar of Trog.
  3784 | D:4      | Paralysed by Grinder for 2 turns
  3787 | D:4      | Reached skill level 5 in Armour
  3800 | D:4      | Killed Grinder
  3801 | D:4      | Gained mutation: You are mostly covered in large bone
                  | plates. (SH +6) [demonic ancestry]
  3801 | D:4      | Reached XP level 7. HP: 4/52 MP: 7/7
  4272 | D:4      | Found a blossoming altar of Fedhas.
  4762 | D:4      | Learned a level 2 spell: Blink
  4764 | D:4      | Learned a level 1 spell: Corona
  4791 | D:5      | Entered Level 5 of the Dungeon
  4876 | D:5      | Reached skill level 1 in Shields
  4999 | D:5      | Reached skill level 1 in Spellcasting
  5020 | D:5      | Reached XP level 8. HP: 41/60 MP: 7/9
  5351 | D:5      | Found Ziom's Lightly-Used Armoury.
  5448 | D:5      | Found a staircase to the Ecumenical Temple.
  5712 | D:5      | Reached skill level 1 in Necromancy
  5740 | Temple   | Entered the Ecumenical Temple
  5810 | Temple   | Became a worshipper of Kikubaaqudgha
  5889 | D:5      | Found Qeommaff's Book Emporium.
  5897 | D:5      | Bought a book of Minor Magic for 216 gold pieces
  5901 | D:5      | Learned a level 3 spell: Mephitic Cloud
  5905 | D:5      | Learned a level 3 spell: Tukima's Dance
  6138 | D:6      | Reached skill level 6 in Armour
  6138 | D:6      | Reached skill level 1 in Hexes
  6140 | D:6      | Found a glowing drain.
  6182 | D:6      | Reached skill level 1 in Translocations
  6195 | Sewer    | Entered a sewer
  6372 | Sewer    | Reached * piety under Kikubaaqudgha
  6372 | Sewer    | Received a gift from Kikubaaqudgha
  6895 | D:6      | Gained mutation: You have razor-sharp toenails. [demonic
                  | ancestry]
  6895 | D:6      | Reached XP level 9. HP: 59/65 MP: 10/13
  6954 | D:6      | Found a sparkling altar of Nemelex Xobeh.
  7026 | D:6      | Noticed Eustachio
  7037 | D:6      | Killed Eustachio
  7072 | D:6      | Reached skill level 5 in Dodging
  7715 | D:7      | Noticed Pikel
  7736 | D:7      | Killed Pikel
  8404 | D:8      | Reached ** piety under Kikubaaqudgha
  8534 | D:8      | Found a staircase to the Lair.
  8535 | D:8      | Noticed a komodo dragon
  8551 | D:8      | Paralysed by a hornet for 2 turns
  8562 | D:8      | Slain by a komodo dragon

Illustrated notes

Levels and vault maps discovered:
D:1:      sevenhm_arrival_forest_fort_small_3, layout_basic,
          hellmonk_ecumenical_altar_dog_temple, solitary_fountain
D:2:      layout_loops_ring, uniq_robin, uniq_natasha
D:3:      layout_basic, mainiacjoe_overflow_surrounded_room, uniq_jessica,
          uniq_sigmund
D:4:      layout_gridville, fedhas_ov_isle_minmay,
          mainiacjoe_overflow_catwalk_spiral, chequers_big_river,
          minmay_cut_off, uniq_grinder
D:5:      layout_gridville, minmay_temple_entry_statues_pillars, serial_shops,
          shop, minmay_shop_damaged, hangedman_decor_diamond_cutter
D:6:      layout_basic, mainiacjoe_overflow_chevrons, gup_sewer_entry_glass,
          uniq_eustachio
D:7:      layout_basic, serial_rivers, chequers_serial_rivers_room_a,
          chequers_serial_rivers_small_b, chequers_serial_rivers_small_3,
          chequers_serial_rivers_small_b, chequers_serial_rivers_micro_a,
          chequers_serial_rivers_small_3, kennysheep_small_square, uniq_pikel
D:8:      layout_loops_corners, david_lair_shrubbed, patterned_corridor
Temple:   regret_index_temple_waves

Skill      XL: |  1  2  3  4  5  6  7  8  9 |
---------------+----------------------------+-----
Armour         | 3 4 5 6 |  6.0
Maces & Flails | 2 |  2.0
Stealth        | 1 2 3 |  3.2
Dodging        | 1 2 3 4 5 |  5.2
Fighting       | 3 4 |  4.8
Shields        | 1 2 3 |  3.3
Spellcasting   | 1 2 4 |  4.4
Necromancy     | 2 4 |  4.1
Hexes          | 1 2 |  2.9
Translocations | 1 3 |  3.1
Axes           | |  0.2
Bows           | |  1.7
Throwing       | |  1.3
Conjurations   | |  0.1
Poison Magic   | |  0.1
Evocations     | |  1.1

Action                   |  1- 3 |  4- 6 |  7- 9 || total
-------------------------+-------+-------+-------++-------
Melee: Mace              |    86 |       |       ||    86
       Hand axe          |    14 |       |       ||    14
       Whip              |    12 |   147 |   371 ||   530
       Kick              |     5 |    25 |     6 ||    36
       Flail             |       |       |    84 ||    84
       Dire flail        |       |       |    43 ||    43
Throw: Boomerang         |       |       |    10 ||    10
 Cast: Animate Skeleton  |       |     1 |    31 ||    32
       Corona            |       |       |    17 ||    17
       Tukima's Dance    |       |       |     9 ||     9
       Blink             |       |       |     1 ||     1
       Mephitic Cloud    |       |       |     3 ||     3
Invok: Receive Corpses   |       |       |     1 ||     1
Evoke: Wand              |       |     1 |     2 ||     3
  Use: Potion            |     5 |     4 |     3 ||    12
       Scroll            |       |       |     8 ||     8
 Stab: Distracted        |       |     1 |     3 ||     4
       Sleeping          |       |       |     3 ||     3
       Confused          |       |       |     1 ||     1
Armor: Ring mail         |    79 |    68 |   104 ||   251
       Skin              |     9 |     4 |       ||    13
       Robe              |       |     8 |       ||     8
       Steam dragon scal |       |       |    50 ||    50
Dodge: Dodged            |    86 |    65 |   398 ||   549
Block: Other             |       |    21 |   177 ||   198
